 Dungeon Crawl Stone Soup version 0.20.1-1-g8b1a95d (webtiles) character file.

19 letownia2 the Grave Robber (level 2, -1/22 HPs)
             Began as a Deep Dwarf Necromancer on Nov 2, 2017.
             Slain by an ogre
             ... wielding a cursed -3 giant club
              (15 damage)
             ... on level 4 of the Dungeon.
             The game lasted 00:02:01 (547 turns).

letownia2 the Grave Robber (Deep Dwarf Necromancer)  Turns: 547, Time: 00:02:01

Health: -1/22      AC:  2    Str: 11    XL:     2   Next: 55%
Magic:  0/5        EV: 12    Int: 15    God:
Gold:   32         SH:  0    Dex: 13    Spells: 4/5 levels left

rFire    . . .     SeeInvis .   e - +0 quarterstaff (holy)
rCold    . . .     Gourm    .   (shield currently unavailable)
rNeg     . . .     Faith    .   a - +0 robe
rPois    .         Spirit   .   (no helmet)
rElec    .         Reflect  .   (no cloak)
rCorr    .         Harm     .   (no gloves)
MR       .....                  (no boots)
Stlth    ++........             (no amulet)
Regen    0.0/turn               (no ring)
MPRegen  0.1/turn               (no ring)

@: non-regenerating
A: damage resistance, heal wounds, sense surroundings 1, no regeneration
a: Heal Wounds


You were on level 4 of the Dungeon.
You were not hungry.

You visited 1 branch of the dungeon, and saw 4 of its levels.

You collected 32 gold pieces.

Inventory:

Hand Weapons
 e - a +0 quarterstaff of holy wrath (weapon)
Armour
 a - a +0 robe (worn)
 d - a +2 hat
Scrolls
 i - a scroll of enchant weapon {unknown}
Potions
 f - a potion of curing {unknown}
 h - a potion of brilliance {unknown}
Books
 b - a book of Necromancy

   Spells                             Type                      Level
   a - Pain                           Necromancy                   1
   b - Animate Skeleton               Necromancy                   1
   c - Vampiric Draining              Necromancy                   3
   d - Regeneration                   Charms/Necromancy            3
   e - Animate Dead                   Necromancy                   4
   f - Control Undead                 Necromancy                   4
Comestibles
 c - a bread ration


   Skills:
 - Level 2.1 Dodging
 - Level 2.4 Stealth
 - Level 2.2 Spellcasting
 + Level 4.8 Necromancy


You had 4 spell levels left.
You knew the following spells:

 Your Spells              Type           Power        Failure   Level  Hunger
a - Pain                  Necr           ###.         3%          1    #......


Dungeon Overview and Level Annotations

Branches:
Dungeon (4/15)
 Temple: D:4-7

Altars:

Shops:
D:4 %

Annotations:
D:3 Grinder


Innate Abilities, Weirdness & Mutations

You are resistant to damage.
You can heal yourself by infusing magical energy.
You passively map a small area around you.
You do not regenerate.


Message History

Confirm with . or Enter, or press ? or * to list all spells.
Aiming: Pain
Press: ? - help, Shift-Dir - straight line, f/p - ogre
Aim: an ogre, wielding a giant club (severely wounded, chance to defeat MR: 75%)
The ogre writhes in agony!
The ogre closely misses you.
Casting: Pain
Confirm with . or Enter, or press ? or * to list all spells.
Aiming: Pain
Press: ? - help, Shift-Dir - straight line, f/p - ogre
Aim: an ogre, wielding a giant club (almost dead, chance to defeat MR: 75%)
The ogre struggles to resist.
The ogre closely misses you.
Casting: Pain
Confirm with . or Enter, or press ? or * to list all spells.
You don't have enough magic to cast that spell.
No previous command to re-do.
You closely miss the ogre.
The ogre is almost dead.
The ogre hits you with a giant club!
Ouch! That really hurt!
You die...

#. ** #. *
*#####.### .*
.......<# , .#
* * ....#.#.#
..### . .. #.#
#.... ...
#.##..# , *
....###...∩.#*
*
##.....O.####
≈ #######@# ,
#.# ≈ , #.# *
* #.# *, ,*
,,..# ** * ###
* * * , *


You could see an ogre.

Vanquished Creatures
  An ooze (D:2)
  A dart slug (D:3)
  An orc (D:3)
  2 hobgoblins
  A kobold (D:3)
  A bat (D:2)
  A frilled lizard (D:2)
  A goblin (D:3)
  5 rats
14 creatures vanquished.

Notes
Turn   | Place    | Note
-------+----------+-------------------------------------------
     0 | D:1      | letownia2 the Deep Dwarf Necromancer began the quest for the Orb.
     0 | D:1      | Reached XP level 1. HP: 15/15 MP: 3/3
   256 | D:2      | Reached XP level 2. HP: 22/22 MP: 0/5
   470 | D:3      | Noticed Grinder
   537 | D:4      | Found Dituanamp's Food Emporium.
   538 | D:4      | Noticed an ogre
   547 | D:4      | Slain by an ogre

Skill      XL: |  1 |
---------------+----+-----
Spellcasting   | 2 |  2.2
Dodging        | |  2.1
Stealth        | |  2.4
Necromancy     | |  4.8

Action                   || total
-------------------------++-------
Melee: Unarmed           ||     8
       Quarterstaff      ||     3
 Cast: Pain              ||    27
  Use: Scroll            ||     1
Armor: Robe              ||     1
Dodge: Dodged            ||    26
